 Dungeon Crawl Stone Soup version 0.20-a0-891-ga2611f4 (webtiles) character file.

67 RKaid the Vandal (level 4, 0/29 HPs)
             Began as a Halfling Arcane Marksman on Mar 16, 2017.
             Slain by an orc wizard
             ... wielding a +0 dagger
              (1 damage)
             ... on level 3 of the Dungeon.
             The game lasted 00:05:54 (2538 turns).

RKaid the Vandal (Halfling Arcane Marksman)         Turns: 2538, Time: 00:05:54

Health: 0/29       AC:  3    Str: 12    XL:     4   Next: 40%
Magic:  5/5        EV: 15    Int: 11    God:
Gold:   154        SH:  0    Dex: 14    Spells: 4/5 levels left

rFire    . . .     SeeInvis .   b - +0 short sword
rCold    . . .     Gourm    .   e - +0 robe
rNeg     . . .     Faith    .   (shield restricted)
rPois    .         Spirit   .   (no helmet)
rElec    .         Reflect  .   (no cloak)
rCorr    .         Harm     .   w - +0 pair of gloves
MR       .....                  (no boots)
Stlth    +.........             (no amulet)
Regen    0.1/turn               (no ring)
MPRegen  0.1/turn               (no ring)

@: flying, slowed, very slow
A: mutation resistance 1
a: no special abilities


You were on level 3 of the Dungeon.
You were not hungry.

You visited 1 branch of the dungeon, and saw 3 of its levels.

You collected 154 gold pieces.

Inventory:

Hand Weapons
 a - a +0 hunting sling
 b - a +0 short sword (weapon)
   (You took it off a kobold on level 3 of the Dungeon)
Missiles
 d - 15 sling bullets
 h - 111 stones (quivered)
Armour
 e - a +0 robe (worn)
 w - a +0 pair of gloves (worn)
   (You found it on level 2 of the Dungeon)
Scrolls
 g - 3 scrolls of fear {unknown}
 l - a scroll of recharging {unknown}
 m - 2 scrolls of amnesia
 o - a scroll of magic mapping {unknown}
 r - a scroll of remove curse {unknown}
 t - a scroll of enchant weapon {unknown}
 u - 3 scrolls of identify {unknown}
 y - a scroll of enchant armour {unknown}
Potions
 i - a potion of invisibility {unknown}
 j - a potion of brilliance {unknown}
 n - 2 potions of curing
 s - a potion of resistance {unknown}
 v - a potion of flight
 z - a potion of haste {unknown}
Books
 c - a book of Debilitation
Comestibles
 f - 4 bread rations
 k - a royal jelly
 p - 2 fruits
 q - a chunk of flesh
 x - a meat ration


   Skills:
 + Level 1.8 Fighting
 * Level 4.9 Slings
 - Level 2.5 Dodging
 - Level 1.0 Spellcasting
 - Level 2.6 Hexes


You had 4 spell levels left.
You knew the following spells:

 Your Spells              Type           Power        Failure   Level  Hunger
v - Corona                Hex            #......      14%         1    ##.....


Dungeon Overview and Level Annotations

Branches:
Dungeon (3/15)

Altars:
Ashenzari


Innate Abilities, Weirdness & Mutations

You are small and have problems with some larger weapons.
You are somewhat resistant to further mutation.


Message History

Firing (i - inventory. (,) - cycle):
h - 123 stones (quivered)
Press: ? - help, Shift-Dir - straight line, f/p - orc
Aim: an orc, wearing a ring mail (resting)
You shoot a stone. The stone hits the orc.
The orc shouts!
Firing (i - inventory. (,) - cycle):
h - 122 stones (quivered)
Press: ? - help, Shift-Dir - straight line, f/p - orc
Aim: an orc, wearing a ring mail (severely wounded)
You shoot a stone.
The stone barely misses the orc. 2 orcs come into view.
Firing (i - inventory. (,) - cycle):
h - 121 stones (quivered)
Press: ? - help, Shift-Dir - straight line, f/p - orc
Aim: an orc, wearing a ring mail (severely wounded)
You shoot a stone. The orc shouts! x2
The stone hits the orc but does no damage.
Firing (i - inventory. (,) - cycle):
h - 120 stones (quivered)
Press: ? - help, Shift-Dir - straight line, f/p - orc
Aim: an orc, wearing a ring mail (severely wounded)
You shoot a stone. The stone closely misses the orc.
Firing (i - inventory. (,) - cycle):
h - 119 stones (quivered)
Press: ? - help, Shift-Dir - straight line, f/p - orc
Aim: an orc, wearing a ring mail (severely wounded)
You shoot a stone. The stone closely misses the orc.
An orc wizard comes into view. It is wielding a dagger.
Firing (i - inventory. (,) - cycle):
h - 118 stones (quivered)
Press: ? - help, Shift-Dir - straight line, f/p - orc
Aim: an orc, wearing a ring mail (severely wounded)
You shoot a stone. The orc wizard shouts!
The stone hits the orc but does no damage.
Firing (i - inventory. (,) - cycle):
h - 117 stones (quivered)
Press: ? - help, Shift-Dir - straight line, f/p - orc
Aim: an orc, wearing a ring mail (severely wounded)
You shoot a stone. The stone closely misses the orc.
The orc misses you.
Firing (i - inventory. (,) - cycle):
h - 116 stones (quivered)
Press: ? - help, Shift-Dir - straight line, f/p - orc
Aim: an orc, wearing a ring mail (severely wounded)
You shoot a stone. The stone closely misses the orc.
The orc hits you.
The orc wizard casts a spell.
The orc wizard seems to speed up.
Firing (i - inventory. (,) - cycle):
h - 115 stones (quivered)
Press: ? - help, Shift-Dir - straight line, f/p - orc
Aim: an orc, wearing a ring mail (severely wounded)
You shoot a stone. The stone closely misses the orc.
Firing (i - inventory. (,) - cycle):
h - 114 stones (quivered)
Press: ? - help, Shift-Dir - straight line, f/p - orc
Aim: an orc, wielding a mace and wearing a leather armour You shoot a stone.
The stone barely misses the orc.
Firing (i - inventory. (,) - cycle):
h - 113 stones (quivered)
Press: ? - help, Shift-Dir - straight line, f/p - orc
Aim: an orc, wielding a mace and wearing a leather armour You shoot a stone.
The stone hits the orc but does no damage.
Some of the chunks of flesh in your inventory have rotted away.
The orc wizard mumbles some strange words.
The orc wizard blinks!
The orc wizard mumbles some strange words.
The orc wizard blinks!
Firing (i - inventory. (,) - cycle):
h - 112 stones (quivered)
Press: ? - help, Shift-Dir - straight line, f/p - orc
Aim: an orc, wielding a mace and wearing a leather armour You shoot a stone.
The stone barely misses the orc.
The orc wizard gestures wildly while chanting.
The orc wizard blinks!
The orc closely misses you. The orc wizard casts a spell at you.
The magic dart hits you!
Really attack while wielding your +0 hunting sling?
Okay, then.
Wield which item (- for none, * to show all)? (? for menu, Esc to quit)
b - a +0 short sword (weapon)
You hit the orc wizard but do no damage.
The orc wizard barely misses you. The orc barely misses you.
The orc wizard points at you and mumbles some strange words.
You feel yourself slow down.
As you read the scroll labeled HUVARGH PIEHYAW, it crumbles to dust.
It is a scroll of amnesia.
Forget which spell ([?*] list [ESC] exit)?
Forget which spell ([?*] list [ESC] exit)?
Okay, then.
The orc wizard points at you and mumbles some strange words.
The magic dart hits you! The orc hits you with a mace.
The orc wizard gestures at you while chanting.
The magic dart hits you!
* * * LOW HITPOINT WARNING * * *
Okay, then.
It was a potion of curing.
You feel better.
The orc wizard points at you and mumbles some strange words.
The magic dart hits you!
* * * LOW HITPOINT WARNING * * *
The orc hits you but does no damage.
The orc wizard gestures at you while chanting.
The magic dart hits you!
* * * LOW HITPOINT WARNING * * *
The orc closely misses you. The orc wizard closely misses you.
Okay, then.
It was a potion of flight.
You feel very buoyant.
You fly up into the air.
The orc wizard hits you with a dagger.
You die...

########### #.......... .
#)#########
(((####################.########
...((.o(.((..ooo@o........)....#
...####################.######.#
. ......................##.##
#...........##.............
#...........##.##+###..##.#
#...........##.#...#..<.#..
#...........##.#...###..#..
#######.######.#...+....#..
.#######.######.#...####....


You could see an orc wizard and 3 orcs.

Vanquished Creatures
  2 adders (D:2)
  2 worms (D:2)
  A dart slug (D:1)
  A leopard gecko (D:1)
  3 giant cockroaches
  4 goblins
  4 hobgoblins (D:2)
  A quokka (D:2)
  8 bats
  4 frilled lizards
  6 kobolds
  5 rats
41 creatures vanquished.

Notes
Turn   | Place    | Note
-------+----------+-------------------------------------------
     0 | D:1      | RKaid the Halfling Arcane Marksman began the quest for the Orb.
     0 | D:1      | Reached XP level 1. HP: 12/12 MP: 2/2
   164 | D:1      | Reached skill level 1 in Fighting
   202 | D:1      | Found a shattered altar of Ashenzari.
   203 | D:1      | Reached XP level 2. HP: 18/18 MP: 3/3
  1170 | D:2      | Reached XP level 3. HP: 23/23 MP: 4/4
  1422 | D:2      | Reached skill level 4 in Slings
  1639 | D:2      | Reached XP level 4. HP: 21/28 MP: 5/5
  2536 | D:3      | HP: 6/29 [orc wizard/magic dart (3)]
  2537 | D:3      | HP: 1/29 [orc wizard/magic dart (7)]
  2538 | D:3      | Slain by an orc wizard

Vault maps used:
D:1:      onia_arrival_pentagram, columned_hall_lemuel, serial_bayou_ford_a,
          serial_bayou_pond_d, evilmike_ruin_ashenzari
D:2:      first_bread, minmay_vboxes
D:3:      amethyst_overflow_temple_binary, trog_wizard

Skill      XL: |  1  2  3 |
---------------+----------+-----
Fighting       | 1 |  1.8
Slings         | 4 |  4.9
Dodging        | |  2.5
Spellcasting   | |  1.0
Hexes          | |  2.6

Action                   |  1- 3 |  4- 6 || total
-------------------------+-------+-------++-------
Melee: Dagger            |    38 |       ||    38
       Short sword       |       |     1 ||     1
 Fire: Hunting sling     |    79 |    55 ||   134
  Use: Potion            |       |     2 ||     2
       Scroll            |       |     1 ||     1
  Eat: Chunk             |     2 |     3 ||     5
Armor: Robe              |    13 |     6 ||    19
Dodge: Dodged            |    68 |    11 ||    79

Table legend:
 A = Turns spent in this place as a percentage of turns spent in the entire game.
 B = Non-inter-level travel turns spent in this place as a percentage of non-inter-level travel turns spent in the entire game.
 C = Inter-level travel turns spent in this place as a percentage of turns spent in this place.
 D = Turns resting spent in this place as a percentage of non-inter-level travel turns spent in this place.
 E = Turns spent auto-exploring this place as a percentage of non-inter-level travel turns spent in this place.
 F = Non-inter-level travel turns spent in this place divided by the number of levels of this place that you've seen.
                   A       B       C       D       E      F
               +-------+-------+-------+-------+-------+----------------------
         Total | 100.0 | 100.0 |   0.3 |   1.4 |  10.3 | 196.7
       Dungeon | 100.0 | 100.0 |   0.3 |   1.4 |  10.3 | 196.7
               +-------+-------+-------+-------+-------+----------------------

Table legend:
 A = Kills in this place as a percentage of kills in entire the game.
 B = Kills by you in this place as a percentage of kills by you in the entire game.
 C = Kills by friends in this place as a percentage of kills by friends in the entire game.
 D = Other kills in this place as a percentage of other kills in the entire game.
 E = Experience gained in this place as a percentage of experience gained in the entire game.
 F = Experience gained in this place divided by the number of levels of this place that you have seen.
                   A       B       C       D       E      F
               +-------+-------+-------+-------+-------+----------------------
         Total | 100.0 | 100.0 |  -nan |  -nan | 100.0 |  32.3
       Dungeon | 100.0 | 100.0 |  -nan |  -nan | 100.0 |  32.3
               +-------+-------+-------+-------+-------+----------------------
